Map: Iron Fortress LE (Void)

Players

wabbajack

  • Race: Terran Terran
  • League: Grandmaster

Wesen - Winner!

  • Race: Zerg Zerg
  • League: Grandmaster

VOD

Have the link to the VOD?

Description

Time

  • Played on: July 13, 2015, 12:03 p.m.
  • Length: 7:22
Show
View Real Time Build Order
Export as new Build Order

wabbajack Terran 

Build Orders:  

Get SALT Encoding   

  12  0:01  SCV  
  13  0:13  SCV  
  14  0:18  Supply Depot  
  14  0:25  SCV  
  15  0:29  Refinery  
  15  0:41  Barracks  
  15  0:45  SCV  
  16  0:57  SCV  
  17  1:09  SCV  
  18  1:21  SCV  
  19  1:31  Reaper  
  20  1:35  Orbital Command  
  20  1:38  Supply Depot  
  20  2:03  Marine  
  21  2:13  Factory  
  21  2:22  Marine  
  21  2:24  SCV  
  23  2:36  SCV  
  24  2:37  Barracks  
  24  2:42  Supply Depot  
  24  2:49  Barracks Reactor  
  24  3:22  Armory  
  24  3:27  Starport  
  24  3:34  Hellion  
  24  3:36  Hellion  
  24  3:40  Supply Depot  
  28  3:47  Barracks Reactor  
  28  3:50  Barracks Tech Lab  
  28  3:52  SCV  
  28  3:53  Refinery  
  29  3:57  Hellion x2  
  29  4:02  Supply Depot x2  
  33  4:04  SCV  
  34  4:16  SCV  
  35  4:18  Hellbat x2  
  39  4:25  Supply Depot  
  39  4:28  SCV  
  40  4:40  SCV  
  40  4:43  Engineering Bay  
  41  4:47  Command Center  
  41  4:50  Hellbat  
  41  4:51  Medivac x2, Hellbat  
  49  4:54  Barracks Reactor  
  49  4:58  Marauder  
  51  5:05  Hellion  
  51  5:10  Supply Depot  
  51  5:20  Missile Turret  
  51  5:21  Missile Turret  
  51  5:40  Medivac x2  
  55  5:50  Hellbat x2, Marine x2  
  55  5:51  Marine  
  61  6:16  Medivac x2  
  61  6:18  Marine x3  
  68  6:41  Missile Turret  
  68  6:49  Marine x2, Marauder  
  72  6:56  Barracks  
Show
View Real Time Build Order
Export as new Build Order

Wesen Zerg - Winner!

Build Orders: Hatch First 

Get SALT Encoding   

  12  0:01  Drone  
  13  0:08  Drone  
  14  0:35  Hatchery  
  13  0:36  Drone  
  14  0:44  Overlord  
  14  0:51  Drone, Extractor  
  14  1:04  Drone x2  
  16  1:11  Drone  
  17  1:21  Spawning Pool  
  17  1:23  Drone  
  17  1:31  Overlord  
  17  1:52  Extractor  
  16  1:55  Drone x3  
  16  1:58  Drone  
  20  2:03  Drone  
  21  2:10  Queen  
  23  2:16  Queen  
  23  2:22  Metabolic Boost  
  25  2:36  Zergling x8  
  29  2:39  Drone  
  30  2:46  Queen  
  32  2:56  Queen  
  32  2:57  Drone  
  35  3:06  Drone  
  35  3:07  Overlord  
  36  3:26  Drone x7  
  43  3:32  Pneumatized Carapace  
  43  3:34  Overlord  
  43  3:48  Drone  
  43  3:49  Overlord x3  
  43  3:54  Drone x4  
  48  3:55  Drone  
  49  4:04  Roach Warren  
  48  4:16  Spore Crawler, Spine Crawler x2  
  45  4:24  Overlord x3  
  45  4:47  Roach x4  
  53  4:55  Extractor  
  53  4:56  Overlord x2, Extractor  
  53  4:57  Extractor  
  50  5:00  Spine Crawler  
  50  5:02  Spore Crawler  
  48  5:13  Queen x2  
  52  5:16  Roach x2  
  55  5:46  Roach x8  
  55  5:48  Roach  
  55  5:49  Zergling x10  
  77  6:08  Lair, Drone x2  
  77  6:09  Drone  
  77  6:11  Drone  
  79  6:20  Drone  
  79  6:25  Drone x5  
  85  6:31  Drone x2  
  88  6:32  Drone  
  88  6:35  Drone  
  88  6:38  Drone  
  90  6:42  Drone  
  91  6:48  Overlord  
Tags
 
Add a new tag
Caveats
  • Supply blocks, unpowered buildings, or Contaminate may cause inaccurate times.
  • Supply counts are checked every 10 seconds.